Map: Terrazze Prion

Players

Jhyrachy

  • Race: Zerg Zerg
  • League: Silver

Krtos - Winner!

  • Race: Protoss Protoss
  • League: Silver

VOD

Have the link to the VOD?

Description

Time

  • Played on: Dec. 11, 2015, 9:10 a.m.
  • Length: 9:08
Show
View Real Time Build Order
Export as new Build Order

Jhyrachy Zerg 

Build Orders: Hatch First, Roach Nydus 

Get SALT Encoding   

  12  0:02  Drone  
  13  0:09  Drone  
  14  0:17  Overlord  
  14  0:29  Extractor  
  14  0:31  Extractor, Drone x2  
  16  0:54  Hatchery  
  16  0:56  Drone  
  16  0:58  Drone  
  17  1:05  Extractor  
  17  1:09  Drone  
  17  1:10  Overlord  
  17  1:22  Drone  
  18  1:37  Spawning Pool  
  17  1:52  Drone x2  
  17  1:53  Drone  
  20  2:16  Drone  
  21  2:24  Drone x2, Extractor  
  21  2:29  Roach Warren  
  21  2:51  Drone  
  21  2:52  Drone x2  
  24  3:00  Evolution Chamber  
  24  3:03  Queen x2  
  24  3:04  Drone  
  24  3:05  Drone x3  
  31  3:17  Drone x2  
  33  3:34  Drone  
  33  3:39  Zergling x2  
  35  3:45  Lair  
  35  3:52  Overlord  
  35  3:53  Overlord  
  35  3:55  Drone  
  36  3:56  Overlord  
  35  4:30  Drone  
  35  4:31  Drone x3  
  37  4:48  Nydus Network  
  37  4:51  Roach x5  
  37  4:52  Roach x2  
  50  4:58  Queen  
  52  5:03  Roach  
  52  5:04  Roach x3  
  52  5:05  Overlord  
  54  5:50  Nydus Canal  
  54  5:52  Overseer  
  47  6:00  Spore Crawler  
  43  6:04  Roach  
  43  6:05  Roach x11  
  61  6:40  Overlord x3  
  61  6:48  Overseer  
  61  6:57  Queen  
  61  7:00  Queen  
  64  7:03  Drone x6  
  70  7:33  Queen  
  72  7:41  Nydus Canal  
  72  8:09  Hydralisk Den  
  71  8:24  Hatchery  
  70  8:31  Overseer  
Show
View Real Time Build Order
Export as new Build Order

Krtos Protoss - Winner!

Build Orders: Dark Templar Rush 

Get SALT Encoding   

  12  0:02  Probe (Chrono Boost)  
  13  0:15  Probe (Chrono Boost)  
  13  0:20  Pylon  
  14  0:27  Probe (Chrono Boost)  
  15  0:38  Probe (Chrono Boost)  
  16  0:43  Gateway  
  16  0:51  Probe (Chrono Boost)  
  17  1:02  Probe (Chrono Boost)  
  18  1:12  Probe (Chrono Boost)  
  18  1:14  Assimilator  
  19  1:25  Probe (Chrono Boost)  
  20  1:32  Cybernetics Core  
  20  1:36  Probe (Chrono Boost)  
  20  1:47  Pylon  
  20  1:50  Nexus  
  20  2:03  Warp Gate (Chrono Boost)  
  20  2:12  Probe (Chrono Boost)  
  22  2:23  Assimilator, Probe (Chrono Boost)  
  22  2:31  Zealot  
  22  2:36  Probe (Chrono Boost)  
  25  2:48  Probe  
  26  2:54  Gateway  
  26  2:56  Gateway  
  26  3:00  Probe  
  27  3:08  Twilight Council  
  27  3:09  Pylon  
  27  3:12  Probe x2 (Chrono Boost)  
  29  3:23  Stalker  
  29  3:25  Probe (Chrono Boost)  
  32  3:35  Probe (Chrono Boost)  
  34  3:42  Probe (Chrono Boost)  
  34  3:45  Dark Shrine  
  34  3:49  Assimilator  
  34  3:51  Probe (Chrono Boost)  
  37  4:05  Mothership Core (Chrono Boost)  
  37  4:27  Probe (Chrono Boost)  
  37  4:30  Probe (Chrono Boost)  
  37  4:47  Pylon  
  37  4:54  Probe (Chrono Boost)  
  37  4:56  Probe (Chrono Boost)  
  37  4:58  Dark Templar x3  
  45  5:05  Probe (Chrono Boost)  
  47  5:07  Probe (Chrono Boost)  
  47  5:11  Blink (Chrono Boost), Pylon  
  47  5:13  Pylon  
  47  5:15  Probe  
  47  5:18  Probe  
  49  5:22  Pylon  
  49  5:27  Probe  
  50  5:30  Forge  
  50  5:31  Probe  
  50  5:35  Stalker  
  53  5:36  Stalker x2  
  53  5:39  Probe  
  58  5:48  Pylon  
  58  5:56  Pylon  
  58  6:03  Sentry  
  58  6:04  Dark Templar  
  60  6:27  Stalker x2  
  64  6:37  Gateway x2  
  64  6:39  Gateway  
  62  6:42  Probe  
  62  6:43  Probe, Gateway  
  62  6:44  Gateway  
  64  6:47  Gateway  
  64  6:48  Protoss Ground Weapons Level 1 (Chrono Boost)  
  64  6:50  Pylon  
  64  6:51  Pylon  
  64  6:55  Probe  
  65  7:05  Dark Templar  
  65  7:06  Dark Templar  
  67  7:16  Dark Templar  
  69  7:24  Pylon  
  69  7:39  Zealot  
  69  7:40  Zealot  
  73  7:46  Stalker x4  
  79  8:06  Zealot  
  79  8:12  Stalker x4  
  89  8:22  Assimilator  
  89  8:25  Nexus  
  83  8:56  Pylon  
  83  9:01  Stalker x5  
  83  9:02  Zealot x3, Stalker  
Tags
 
Add a new tag
Caveats
  • Supply blocks, unpowered buildings, or Contaminate may cause inaccurate times.
  • Supply counts are checked every 10 seconds.